 Dungeon Crawl Stone Soup version 0.14-a0-2162-g062a2ce (webtiles) character file.

1894 Malachi the Sneak (level 8, 0/37 HPs)
             Began as a Vine Stalker Enchanter on Jan 28, 2014.
             Was a Believer of Dithmengos.
             Slain by Jenx's ghost (25 damage)
             ... on Level 6 of the Dungeon.
             The game lasted 00:21:03 (5221 turns).

Malachi the Sneak (Vine Stalker Enchanter)          Turns: 5221, Time: 00:21:03

HP   0/37        AC  4     Str 11      XL: 8   Next: 78%
MP   0/20        EV 14     Int 17      God: Dithmengos [**....]
Gold 422         SH  0     Dex 15      Spells:  2 memorised, 11 levels left

rFire  . . .     SeeInvis .     a - +2 dagger
rCold  . . .     Clarity  .     b - +2 robe
rNeg   . . .     Conserve .     (no shield)
rPois  .         rCorr    .     (no helmet)
rElec  .         rRot     +     (no cloak)
SustAb . .       Spirit   +     (no gloves)
rMut   .         Warding  .     (no boots)
Saprov . . .     Stasis   .     (no amulet)
MR     +....                    (no ring)
                                (no ring)

@: wreathed by umbra, somewhat resistant to hostile enchantments, extremely
stealthy
A: fangs 3, regeneration 2, magic shield, antimagic bite, no device heal
a: Shadow Step, Renounce Religion


You were on level 6 of the Dungeon.
You worshipped Dithmengos.
Dithmengos was pleased with you.
You were hungry.

You visited 1 branch of the dungeon, and saw 6 of its levels.

You collected 422 gold pieces.

Inventory:

Hand weapons
 a - a +2,+2 dagger (weapon)
 l - a +0,+3 dwarven short sword
 y - a +0,+0 club
Missiles
 d - 12 darts (quivered)
Armour
 b - a +2 robe (worn)
 n - a +0 helmet
 L - a +0 buckler
Magical devices
 o - a wand of frost (14)
 v - a wand of disintegration (13) {unknown}
 z - a wand of confusion (8) {unknown}
Comestibles
 f - 9 bread rations
 g - 3 chunks of orc flesh
 r - 2 pears
 t - 4 meat rations
 u - 2 apples
 x - a rambutan
 D - a rotting chunk of giant frog flesh
 E - 4 chunks of centaur flesh
 G - 2 chokos
Scrolls
 h - 3 scrolls of remove curse {unknown}
 i - 2 scrolls of amnesia
 j - 2 scrolls of identify
 m - a scroll of enchant weapon II
 q - 4 scrolls of blinking
 s - a scroll of noise
 C - 2 scrolls of enchant armour
Potions
 k - 6 potions of curing
 p - a potion of mutation {unknown}
 A - a potion of agility {unknown}
 B - a potion of cure mutation {unknown}
 H - a potion of berserk rage {unknown}
 K - a potion of magic
 N - a potion of resistance {unknown}
Books
 c - a book of Maledictions

   Spells                             Type                      Level
   Corona                             Hexes                        1
   Sure Blade                         Hexes/Charms                 2
   *Ensorcelled Hibernation           Hexes/Ice                    2
   *Confuse                           Hexes                        3
   Enslavement                        Hexes                        4
   Invisibility                       Hexes                        6
 e - a book of Maledictions

   Spells                             Type                      Level
   Corona                             Hexes                        1
   Sure Blade                         Hexes/Charms                 2
   *Ensorcelled Hibernation           Hexes/Ice                    2
   *Confuse                           Hexes                        3
   Enslavement                        Hexes                        4
   Invisibility                       Hexes                        6
 w - a book of Clouds

   Spells                             Type                      Level
   Mephitic Cloud                     Conjuration/Poison/Air       3
   Conjure Flame                      Conjuration/Fire             3
   Poisonous Cloud                    Conjuration/Poison/Air       6
   Freezing Cloud                     Conjuration/Ice/Air          6
   Ring of Flames                     Charms/Fire                  7


   Skills:
 + Level 1.0 Fighting
 * Level 4.5 Short Blades
 + Level 0.8 Throwing
 + Level 4.7 Dodging
 + Level 6.6 Stealth
 + Level 4.5 Spellcasting
 + Level 3.8 Hexes
 + Level 2.6 Ice Magic


You had 11 spell levels left.
You knew the following spells:

 Your Spells              Type           Power        Failure   Level  Hunger
b - Ensorcelled Hibernat  Hex/Ice        ##....       10%         2    #......
c - Confuse               Hex            ###.....     10%         3    ###....


Dungeon Overview and Level Annotations

Branches:
Dungeon (6/16)             Temple (0/1) D:6

Altars:
Ashenzari
Dithmengos
Makhleb
Nemelex Xobeh

Annotations:
D:6 Jenx's ghost, experienced FoSk


Innate Abilities, Weirdness & Mutations

You have razor-sharp teeth.
You heal very quickly.
When hurt, damage is shared between your health and your magic reserves.
Your bite disrupts and absorbs the magic of your enemies.
Potions and wands cannot restore your HP.


Message History

Jenx's ghost misses you.
Casting: Confuse
Confirm with . or Enter, or press ? or * to list all spells.
Aiming: Confuse
Press: ? - help, Shift-Dir - straight line, f/p - Jenx's ghost
Aim: Jenx's ghost (umbra) Jenx's ghost resists with almost no effort.
Jenx's ghost closely misses you.
Casting: Confuse
Confirm with . or Enter, or press ? or * to list all spells.
Aiming: Confuse
Press: ? - help, Shift-Dir - straight line, f/p - Jenx's ghost
Aim: Jenx's ghost (umbra) Jenx's ghost resists with almost no effort.
Jenx's ghost hits you!
Jenx's ghost says, "Crushing you to a pulp will hurt a lot.
After that?
Painless!
I promise!"
Jenx's ghost keens inconsolably.
Jenx's ghost hits you!
Ouch! That really hurt!
You die...

#......## #.##.....##
#......# #.####+#...
#......# #.# #.####
#......# #.# #.####
#......# #.# #.#...
#...!..# #.####'#...
#......# #.#.......<
#......# #.#........
#.....@######'#........
####...p............#..
####............)#'##..
#................#.##..
#......####......#.##..
#......# #.#.##.#.##..
#......# #.#.##.#.##..
#......# #.#.##.#.##..
#......# #.#.##.#.##..


You could see Jenx's ghost.

Vanquished Creatures
  2 sky beasts (D:6)
  An ice beast (D:6)
  3 centaurs
  A giant frog (D:6)
  4 crimson imps
  A quasit (D:6)
  3 scorpions
  4 orc priests
  2 hounds
  2 iguanas
  4 orc wizards (D:6)
  3 worker ants
  A hound skeleton (D:6)
  6 adders
  3 gnolls (D:4)
  4 worms
  A giant eyeball (D:6)
  A giant gecko (D:6)
  14 orcs
  5 giant cockroaches
  6 goblins
  8 hobgoblins
  12 jackals
  A quokka (D:4)
  9 bats
  2 giant newts
  A giant newt skeleton (D:5)
  A hobgoblin skeleton (D:4)
  17 kobolds
  An orc skeleton (D:4)
  9 rats
132 creatures vanquished.

Notes
Turn   | Place    | Note
--------------------------------------------------------------
     0 | D:1      | Malachi, the Vine Stalker Enchanter, began the quest for the Orb.
     0 | D:1      | Reached XP level 1. HP: 9/9 MP: 3/3
    26 | D:1      | Reached skill level 1 in Short Blades
   191 | D:1      | Reached XP level 2. HP: 5/13 MP: 1/5
   237 | D:1      | Learned a level 2 spell: Ensorcelled Hibernation
   897 | D:2      | Reached XP level 3. HP: 16/16 MP: 5/7
  1170 | D:2      | Learned a level 3 spell: Confuse
  1371 | D:2      | Reached XP level 4. HP: 21/21 MP: 9/9
  1803 | D:3      | Reached XP level 5. HP: 21/24 MP: 8/11
  1926 | D:3      | Found a shadowy altar of Dithmengos.
  1962 | D:3      | Became a worshipper of Dithmengos
  2150 | D:3      | Found a sparkling altar of Nemelex Xobeh.
  2268 | D:4      | Found a burning altar of Makhleb.
  2334 | D:4      | Reached skill level 4 in Stealth
  2334 | D:4      | Gained mutation: You heal very quickly. [vine stalker growth]
  2334 | D:4      | Reached XP level 6. HP: 29/29 MP: 11/13
  2904 | D:5      | Entered Level 5 of the Dungeon
  3094 | D:5      | Reached skill level 1 in Ice Magic
  3264 | D:5      | Reached XP level 7. HP: 32/32 MP: 12/16
  3281 | D:5      | Reached skill level 1 in Fighting
  4005 | D:6      | Reached skill level 5 in Stealth
  4073 | D:6      | Found a staircase to the Ecumenical Temple.
  4096 | D:6      | Found a shattered altar of Ashenzari.
  4099 | D:6      | Gained mutation: You have razor-sharp teeth. [vine stalker growth]
  4099 | D:6      | Reached XP level 8. HP: 37/37 MP: 19/19
  4153 | D:6      | Noticed Jenx's ghost (experienced FoSk)
  4697 | D:6      | Reached skill level 6 in Stealth
  4701 | D:6      | Acquired Dithmengos' first power
  4711 | D:6      | HP: 1/37 [orc wizard/puff of frost (11)]
  5221 | D:6      | Slain by Jenx's ghost

Action                   |  1- 3 |  4- 6 |  7- 9 || total
-------------------------+-------+-------+-------++-------
Melee: Dagger            |   151 |   166 |   176 ||   493
 Cast: Ensorcelled Hiber |     5 |    25 |    25 ||    55
       Confuse           |       |       |    11 ||    11
  Use: Scroll            |       |       |    21 ||    21
 Stab: Sleeping          |     5 |    21 |    21 ||    47
       Distracted        |       |     2 |     1 ||     3
       Confused          |       |       |     4 ||     4
